 Dungeon Crawl Stone Soup version 0.25-a0-670-g50981ef (webtiles) character file.

Game seed: 12527544131324065840, levelgen mode: deterministic

2642 rednit the Fighter (level 9, -1/78 HPs)
             Began as a Demonspawn Abyssal Knight on Mar 29, 2020.
             Was an Elder of Lugonu.
             Slain by a large slime creature (13 damage)
             ... on level 6 of the Dungeon.
             The game lasted 00:27:04 (8840 turns).

rednit the Fighter (Demonspawn Abyssal Knight)      Turns: 8840, Time: 00:27:05

Health: -1/78      AC: 19    Str: 18 (19) XL:     9   Next: 35%
Magic:  0/13       EV:  7    Int: 14 (17) God:    Lugonu [****..]
Gold:   290        SH:  0    Dex: 14 (17) Spells: 8/8 levels left

rFire    . . .     SeeInvis .   I - +7 short sword "Caowy" {freeze, Str+3 Int+4 Dex+2}
rCold    + . .     Gourm    .   (no shield)
rNeg     . . .     Faith    .   x - +0 plate armour
rPois    .         Spirit   +   l - +1 hat
rElec    .         Reflect  .   (no cloak)
rCorr    .         Harm     .   (no gloves)
MR       .....                  o - +0 pair of boots
Stlth    ..........             (no amulet)
HPRegen  0.23/turn              i - +2 ring of dexterity
MPRegen  0.26/turn              r - ring of protection from cold

@: sanguine armour, drained
A: antennae 2, magic shield, magic regeneration, sanguine armour 1
a: Depart the Abyss, Bend Space, Banish, Corrupt, Renounce Religion


You were on level 6 of the Dungeon.
You worshipped Lugonu.
Lugonu was greatly pleased with you.
You were very hungry.

You visited 1 branch of the dungeon, and saw 6 of its levels.
You visited the Abyss 1 time.
You also visited: Ossuary.

You collected 290 gold pieces.

Inventory:

Hand Weapons
 a - a +1 hand axe
 t - a +2 mace of protection
 w - a +1 vorpal war axe
 I - the +7 short sword "Caowy" (weapon) {freeze, Str+3 Int+4 Dex+2}
   (You found it on level 5 of the Dungeon)

   It has been specially enchanted to freeze those struck by it, causing extra
   injury to most foes and up to half again as much damage against particularly
   susceptible opponents.
   It can also slow down cold-blooded creatures.
   It affects your strength (+3).
   It affects your intelligence (+4).
   It affects your dexterity (+2).
Missiles
 f - 39 poisoned darts (quivered)
 B - 3 throwing nets
Armour
 b - a +0 leather armour
 l - a +1 hat (worn)
 o - a +0 pair of boots (worn)
 q - a +0 chain mail
 x - a +0 plate armour (worn)
Jewellery
 i - a +2 ring of dexterity (left hand)
 n - an uncursed ring of flight
 r - a ring of protection from cold (right hand)
 D - an uncursed ring of magical power
 J - an uncursed ring of protection from magic {unknown}
Wands
 H - a wand of disintegration (8)
 L - a wand of digging (5)
 O - a wand of paralysis (7)
Scrolls
 e - 2 scrolls of remove curse
 k - 2 scrolls of magic mapping {unknown}
 m - 2 scrolls of teleportation
 s - a scroll of enchant weapon {unknown}
 v - 2 scrolls of fear {unknown}
 y - a scroll of amnesia {unknown}
 A - a scroll of blinking {unknown}
 C - 2 scrolls of identify
 F - 2 scrolls of enchant armour {unknown}
 G - a scroll of brand weapon {unknown}
Potions
 d - a potion of brilliance
 g - a potion of cancellation {unknown}
 h - a potion of stabbing
 j - 2 potions of lignification
 p - a potion of degeneration
 u - a potion of mutation {unknown}
 z - a potion of ambrosia {unknown}
 E - 2 potions of curing
 K - a potion of heal wounds {unknown}
 M - a potion of berserk rage {unknown}
 P - a potion of resistance
 Q - a potion of magic {unknown}
Comestibles
 c - 8 rations


   Skills:
 - Level 10.0(9.2) Fighting
 - Level 2.0(1.3) Axes
 + Level 4.2(3.5) Armour
 * Level 5.4(4.7) Dodging
 + Level 6.0(5.3) Invocations


You had 8 spell levels left.
You didn't know any spells.
Your spell library was empty.

Dungeon Overview and Level Annotations

Branches:
Dungeon (6/15)            Ossuary (visited)
 Temple: D:4-7

Altars:
Gozag
Okawaru
Sif Muna

Annotations:
D:3 1 runed translucent door, Crazy Yiuf


Innate Abilities, Weirdness & Mutations

You have a pair of antennae on your head.
When hurt, damage is shared between your health and your magic reserves.
You regenerate magic rapidly.
When seriously injured, your bleeding wounds create armour. (AC +6)


Message History

The large slime creature is heavily wounded.
The large slime creature hits you! The ooze hits you but does no damage.
You puncture the large slime creature! You freeze the large slime creature.
The large slime creature is severely wounded.
The large slime creature hits you!!
Your blood congeals into armour.
The ooze hits you but does no damage.
You hit the large slime creature. You freeze the large slime creature.
The large slime creature is severely wounded.
The large slime creature hits you. The ooze closely misses you.
You puncture the large slime creature! You freeze the large slime creature.
The large slime creature is severely wounded.
The large slime creature hits you!!
* * * LOW HITPOINT WARNING * * *
The ooze hits you.
* * * LOW HITPOINT WARNING * * *
The large slime creature hits you but does no damage.
You puncture the large slime creature! You freeze the large slime creature.
The large slime creature is almost dead.
The ooze hits you but does no damage. The large slime creature hits you!
You die...

####### #.#
...##J####### ####.#
...#{#.#.(..###....#
รท..#.#.#.....##.####
...#{#J#......'.##
..J#{#........'..#
..{#.#........'..#
..J#.#.......##JJ#
.{.J##......####@#
...########## #(#
#### ### #.# # #.#
#.# ## #.# #.# .#####
#.# #.# .....# #.#
####.#### ..##.# #.#
#.......# ..##.# #.#
#.#####.#


You could see a large slime creature and an ooze.

Vanquished Creatures
  Pikel (D:6)
  Sigmund (D:2)
  Duvessa (D:6)
  A slave (D:6)
  A phantom (D:6)
  2 centaurs
  2 elf zombies (Ossuary)
  Blork the orc (D:6)
  A bullfrog (D:6)
  Dowan (D:6)
  2 scorpions
  4 wights (D:6)
  A howler monkey (D:6)
  2 centaur zombies (Ossuary)
  2 crimson imps (D:5)
  2 jellies (D:6)
  6 hounds
  2 orc priests
  An orc wizard (D:3)
  A bullfrog skeleton (D:6)
  Jessica (D:2)
  Ijyb (D:5)
  2 iguanas (D:5)
  Natasha (thrice) (D:2)
  2 worker ants
  A big kobold zombie (Ossuary)
  2 hound zombies (Ossuary)
  A hound skeleton (D:4)
  3 mummies (Ossuary)
  Robin (D:3)
  A gnoll (D:5)
  6 adders
  A shadow imp (D:6)
  6 oozes (D:6)
  4 adder zombies (Ossuary)
  An adder skeleton (D:5)
  4 worms
  A dart slug (D:1)
  3 leopard geckos
  20 orcs
  5 giant cockroaches
  2 gnoll zombies (Ossuary)
  11 goblins
  11 hobgoblins
  6 quokkas
  4 ball pythons
  4 bats
  5 frilled lizards
  5 goblin zombies (Ossuary)
  A hobgoblin zombie (Ossuary)
  6 jackal zombies (Ossuary)
  11 kobolds
  4 kobold zombies (Ossuary)
  2 orc zombies (Ossuary)
  A quokka zombie (Ossuary)
  10 rats
  A rat zombie (Ossuary)
188 creatures vanquished.

Vanquished Creatures (others)
  3 slaves (D:6)
  A howler monkey (D:6)
  An orc priest (D:6)
  An orc wizard (D:6)
  A leopard gecko (D:6)
  2 orcs (D:6)
  2 fungi (D:6)
  11 toadstools (D:6)
22 creatures vanquished.

Grand Total: 210 creatures vanquished

Notes
Turn   | Place    | Note
-------+----------+-------------------------------------------
     0 | Abyss:1  | rednit the Demonspawn Abyssal Knight began the quest for
                  | the Orb.
     0 | Abyss:1  | Reached XP level 1. HP: 18/18 MP: 2/2
     5 | Abyss:1  | Found a hide-covered altar of Uskayaw.
    47 | Abyss:1  | Noticed a thrashing horror
    50 | D:1      | Escaped the Abyss
   599 | D:1      | Reached * piety under Lugonu
   599 | D:1      | Gained mutation: When hurt, damage is shared between your
                  | health and your magic reserves. [demonic ancestry]
   599 | D:1      | Reached XP level 2. HP: 16/24 MP: 3/3
  1255 | D:2      | Noticed Sigmund
  1515 | D:2      | Reached skill level 4 in Fighting
  1515 | D:2      | Gained mutation: You regenerate magic rapidly. [demonic
                  | ancestry]
  1515 | D:2      | Reached XP level 3. HP: 7/30 MP: 1/4
  1776 | D:2      | Noticed Natasha
  1785 | D:2      | Killed Natasha
  2044 | D:2      | Noticed Jessica
  2064 | D:2      | Killed Jessica
  2064 | D:2      | Reached skill level 5 in Fighting
  2064 | D:2      | Reached XP level 4. HP: 35/39 MP: 3/5
  2123 | D:2      | Killed Sigmund
  2123 | D:2      | Reached skill level 6 in Fighting
  2123 | D:2      | Gained mutation: You have a pair of small antennae on your
                  | head. [demonic ancestry]
  2123 | D:2      | Reached XP level 5. HP: 32/47 MP: 3/6
  2526 | D:2      | Noticed Natasha
  2531 | D:2      | Killed Natasha
  2531 | D:2      | Reached XP level 6. HP: 47/53 MP: 4/7
  2736 | D:3      | Reached skill level 7 in Fighting
  2741 | D:3      | Reached ** piety under Lugonu
  2934 | D:3      | Identified the +0 helmet of the Soldier {*Drain rF++ rC++}
  2934 | D:3      | Noticed Robin
  2972 | D:3      | Killed Robin
  3204 | D:3      | Found a runed translucent door.
  3205 | D:3      | Noticed Crazy Yiuf
  3905 | D:3      | Noticed an orc warrior
  3965 | D:2      | Noticed Natasha
  3987 | D:2      | Killed Natasha
  4772 | D:4      | Gained mutation: You have a pair of antennae on your head.
                  | [demonic ancestry]
  4772 | D:4      | Reached XP level 7. HP: 47/61 MP: 6/8
  4795 | D:4      | Found an iron altar of Okawaru.
  4796 | D:4      | Found an opulent altar of Gozag.
  4799 | D:4      | Reached skill level 8 in Fighting
  4805 | D:4      | Found a shimmering blue altar of Sif Muna.
  5139 | D:5      | Entered Level 5 of the Dungeon
  5547 | D:5      | Found a sand-covered staircase.
  5549 | D:5      | Noticed Ijyb
  5562 | D:5      | Killed Ijyb
  5565 | Ossuary  | Entered an ossuary
  5778 | Ossuary  | Reached *** piety under Lugonu
  5819 | Ossuary  | Reached skill level 9 in Fighting
  6092 | Ossuary  | Gained mutation: When seriously injured, your bleeding
                  | wounds create armour. (AC +6) [demonic ancestry]
  6092 | Ossuary  | Reached XP level 8. HP: 64/72 MP: 9/9
  6465 | D:5      | Reached **** piety under Lugonu
  6465 | D:5      | Reached skill level 10 in Fighting
  6549 | D:5      | Reached skill level 1 in Dodging
  6941 | D:5      | Got a brightly glowing short sword
  6943 | D:5      | Identified the +7 short sword "Caowy" {freeze, Str+3 Int+4
                  | Dex+2} (You found it on level 5 of the Dungeon)
  7302 | D:6      | Noticed Duvessa
  7302 | D:6      | Noticed Dowan
  7309 | D:6      | Killed Duvessa
  7315 | D:6      | Killed Dowan
  7322 | D:6      | Found an opulent altar of Gozag.
  7443 | D:6      | Noticed Pikel
  7465 | D:6      | Paralysed by Pikel for 2 turns
  7471 | D:6      | Killed Pikel
  7471 | D:6      | Reached skill level 5 in Invocations
  7471 | D:6      | Reached XP level 9. HP: 72/78 MP: 12/12
  7880 | D:6      | Reached skill level 5 in Dodging
  8310 | D:6      | Noticed Blork the orc
  8319 | D:6      | Killed Blork the orc
  8459 | D:6      | HP: 2/78 [slime creature (6)]
  8840 | D:6      | Slain by a large slime creature

Levels and vault maps discovered:
D:1:      lightli_arrival_quake, layout_rooms, serial_aquarium,
          aquarium_bridge_straight [aquarium_subvault_bridge,
          aquarium_subvault_window, aquarium_subvault_bridge,
          aquarium_subvault_wall], aquarium_window_fake, aquarium_window_1,
          aquarium_window_corner, aquarium_view_2e, aquarium_balcony_3b
D:2:      layout_loops_ring, uniq_natasha, uniq_sigmund, uniq_jessica
D:3:      layout_loops_ring, first_ration, st_stairs_14, due_unseen_surprise,
          uniq_crazy_yiuf_cottage, uniq_robin
D:4:      layout_rooms, grunt_temple_overflow_open
D:5:      layout_loops_corners, nicolae_ossuary_entry_ruins,
          cheibrodos_gnoll_hut, uniq_ijyb
D:6:      cheibrodos_fertilizer, layout_loops_ring, grunt_gozag_breadcrumbs,
          uniq_pikel, uniq_blork_the_orc, uniq_duvessa

Skill      XL: |  1  2  3  4  5  6  7  8  9 |
---------------+----------------------------+-----
Axes           | 2 |  2.0
Fighting       | 4 5 6 7 9 10 | 10.0
Armour         | 3 4 |  4.2
Dodging        | 4 5 |  5.4
Invocations    | 5 6 |  6.0

Action                   |  1- 3 |  4- 6 |  7- 9 || total
-------------------------+-------+-------+-------++-------
Melee: Hand axe          |    83 |   160 |       ||   243
       Mace              |       |    97 |       ||    97
       War axe           |       |       |   224 ||   224
       Short sword       |       |       |   180 ||   180
Throw: Dart              |    14 |       |     1 ||    15
Invok: Depart the Abyss  |     1 |       |       ||     1
       Bend Space        |       |       |     2 ||     2
  Use: Scroll            |     4 |     4 |     3 ||    11
       Potion            |       |     2 |     5 ||     7
  Eat: Chunk             |     4 |     9 |     9 ||    22
       Ration            |       |       |     1 ||     1
Armor: Leather armour    |    29 |     4 |       ||    33
       Chain mail        |       |   199 |   179 ||   378
       Plate armour      |       |       |    73 ||    73
Dodge: Dodged            |    66 |   108 |   153 ||   327

Table legend:
 A = Non-vault XP
 B = Vault XP
 C = Vault XP percentage of total XP
 D = Non-vault monster count
 E = Vault monster count
 F = Vault count percentage of total count
                 A         B        C        D         E       F
            +---------+---------+-------+---------+---------+-------
      Total |    1795 |    1980 |  52.5 |     114 |      73 |  39.0
            +---------+---------+-------+---------+---------+-------
        D:1 |      30 |       0 |   0.0 |      18 |       0 |   0.0
        D:2 |     138 |     287 |  67.5 |      20 |       4 |  16.7
        D:3 |     154 |      34 |  18.1 |      29 |      11 |  27.5
        D:4 |     257 |       0 |   0.0 |      11 |       0 |   0.0
        D:5 |     409 |     138 |  25.2 |      17 |       4 |  19.0
        D:6 |     807 |    1063 |  56.8 |      19 |      18 |  48.6
    Ossuary |       0 |     458 | 100.0 |       0 |      36 | 100.0
            +---------+---------+-------+---------+---------+-------
